 Dungeon Crawl Stone Soup version 0.29.0-7-g18a832c13a (webtiles) character file.

Game seed: 5179286120407283762

529 darknessisbestgirl the Trooper (level 7, -4/66 HPs)
             Began as a Minotaur Fighter on Aug 31, 2022.
             Was an Initiate of Okawaru.
             Engulfed by a cloud of flame (25 damage)
             ... on level 4 of the Dungeon.
             The game lasted 00:11:15 (4285 turns).

darknessisbestgirl the Trooper (Minotaur Fighter)   Turns: 4285, Time: 00:11:19

Health: -4/66      AC: 14    Str: 22    XL:     7   Next: 3%
Magic:  6/6        EV:  6    Int:  5    God:    Okawaru [......]
Gold:   251        SH:  4    Dex: 10    Spells: 6/6 levels left

rFire   . . .      SeeInvis .   a - +0 long sword
rCold   + . .      Faith    .   c - +0 buckler
rNeg    . . .      Spirit   .   t - +0 plate armour
rPois   .          Reflect  .   (helmet restricted)
rElec   .          Harm     .   (no cloak)
rCorr   .          Rampage  .   e - +0 pair of gloves
Will    .....                   r - +0 pair of boots
Stlth   ..........              (no amulet)
HPRegen 0.21/turn               n - ring of protection from cold
MPRegen 0.10/turn               (no ring)

@: no status effects
A: horns 2, retaliatory headbutt
a: Renounce Religion


You were on level 4 of the Dungeon.
You worshipped Okawaru.
Okawaru was noncommittal.
You visited 2 branches of the dungeon, and saw 5 of its levels.

You collected 251 gold pieces.

Inventory:

Hand Weapons
 a - a +0 long sword (weapon)
Armour
 c - a +0 buckler (worn)
 e - a +0 pair of gloves (worn)
 r - a +0 pair of boots (worn)
 t - a +0 plate armour (worn)
Jewellery
 n - a ring of protection from cold (left hand)
 o - a ring of fire
Scrolls
 f - a scroll of vulnerability {unknown}
 h - 2 scrolls of teleportation {unknown}
 k - 2 scrolls of identify {unknown}
 l - a scroll of fear {unknown}
 m - 2 scrolls of immolation
 v - a scroll of butterflies {unknown}
 w - a scroll of amnesia {unknown}
Potions
 b - a potion of resistance {unknown}
 d - a potion of might
 g - a potion of brilliance {unknown}
 i - 2 potions of degeneration {unknown}
 j - 3 potions of mutation {unknown}
 p - a potion of flight {unknown}
 q - a potion of heal wounds {unknown}
 s - a potion of experience {unknown}
 u - a potion of curing {unknown}


   Skills:
 + Level 7.2 Fighting
 + Level 6.6 Long Blades
 - Level 3.8 Armour
 - Level 3.8 Shields


You had 6 spell levels left.
You didn't know any spells.
Your spell library contained the following spells:

 Spells                   Type           Power      Damage    Failure   Level
 Apportation              Tloc           0%         N/A       100%        1
 Static Discharge         Conj/Air       0%         3-3/arc   100%        2
 Dispel Undead            Necr           0%         3d6       100%        4
 Sticky Flame             Conj/Fire      0%         2d3       100%        4
 Alistair's Intoxication  Tmut/Pois      0%         N/A       100%        5
 Fireball                 Conj/Fire      0%         3d3       100%        5
 Iskenderun's Battlesphe  Conj           0%         2d6       100%        5
 Conjure Ball Lightning   Conj/Air       0%         3x3d6     100%        6
 Orb of Destruction       Conj           0%         9d5       100%        7


Dungeon Overview and Level Annotations

Branches:
Dungeon (4/15)             Temple (1/1) D:4

Altars:
Ashenzari
Gozag
Kikubaaqudgha
Okawaru
Qazlal
Trog
Uskayaw
Xom
Yredelemnul
Zin
The Shining One


Innate Abilities, Weirdness & Mutations

You have a pair of horns on your head.
You reflexively headbutt those who attack you in melee.


Message History

The centaur skeleton kicks you but does no damage.
You hit the ice beast.
The ice beast is lightly wounded.
The ice beast hits you but does no damage.
You closely miss the ice beast. You headbutt the ice beast!
The ice beast is heavily wounded.
The ice beast hits you. The ice beast freezes you. You resist.
You slash the ice beast! You headbutt the ice beast!
The ice beast is almost dead.
The ice beast closely misses you. You furiously retaliate!
You headbutt the ice beast.
You kill the ice beast!
Okawaru accepts your kill.
Your Fighting skill increases to level 7!
You have reached level 7!
There are monsters nearby!
Unknown command.
As you read the scroll labelled TENILO JAGG, it crumbles to dust.
The creatures around you are filled with an inner flame!
It was a scroll of immolation.
You hit the centaur skeleton but do no damage.
The centaur skeleton is almost destroyed.
You block the centaur skeleton's attack.
The centaur skeleton kicks you but does no damage.
You slash the orc!
Flame seeps out of the orc.
The orc is almost dead.
You hit the orc. Okawaru accepts your kill.
The orc explodes!
The fiery explosion engulfs you!!
The fiery explosion engulfs the centaur skeleton!!!
Okawaru accepts your kill.
The fiery explosion engulfs the bullfrog zombie!!
The bullfrog zombie is almost destroyed.
The centaur skeleton explodes!
The fiery explosion engulfs the bullfrog zombie!!
You destroy the bullfrog zombie!
Okawaru accepts your kill.
You are engulfed in blazing flames.
You die...

#################
#.......#.......#
###.#.#.#.#.#.#.#.#
#.)................
#.############+####
#..# #####.#.......
##@# #.#.#.........
#°###.........##..
#§§.Y............[
####ZZ...)........
##.............
####..#.......
#.).#.......
#..###Z##...
##...##o.....


There were no monsters in sight!

Vanquished Creatures
  A black bear (D:4)
  2 ice beasts (D:4)
  A bullfrog zombie (D:4)
  A centaur skeleton (D:4)
  An iguana (D:4)
  A scorpion zombie (D:4)
  A hound zombie (D:4)
  A hound skeleton (D:4)
  5 gnolls (D:4)
  2 adders
  3 adder zombies (D:4)
  4 worms
  A dart slug (D:1)
  5 orcs
  6 ball pythons
  4 endoplasms
  4 giant cockroaches
  6 hobgoblins
  2 jackals (D:1)
  7 quokkas
  7 bats
  7 frilled lizards
  5 goblins
  13 kobolds
  5 rats
95 creatures vanquished.

Vanquished Creatures (others)
  4 plants (D:4)
  3 withered plants (D:4)
7 creatures vanquished.

Grand Total: 102 creatures vanquished

Notes
Turn   | Place    | Note
-------+----------+-------------------------------------------
     0 | D:1      | darknessisbestgirl the Minotaur Fighter began the quest for
                  | the Orb.
     0 | D:1      | Reached XP level 1. HP: 19/19 MP: 0/0
   541 | D:1      | Reached XP level 2. HP: 27/27 MP: 1/1
   668 | D:1      | Reached skill level 4 in Fighting
  1261 | D:1      | Found a faded altar of an unknown god.
  1355 | D:1      | Reached XP level 3. HP: 33/33 MP: 2/2
  2074 | D:2      | Reached XP level 4. HP: 31/41 MP: 3/3
  2463 | D:3      | Found a hide-covered altar of Uskayaw.
  2463 | D:3      | Noticed a +0 short sword
  2464 | D:3      | Noticed a +0 spear
  2464 | D:3      | Noticed a +0 short sword
  2465 | D:3      | Noticed a +0 falchion
  2465 | D:3      | Noticed a +0 dagger
  2465 | D:3      | Noticed a +0 spear
  2466 | D:3      | Noticed a +0 dagger
  2466 | D:3      | Noticed a +0 falchion
  2520 | D:3      | Reached skill level 5 in Fighting
  2905 | D:3      | Found a glowing golden altar of the Shining One.
  3232 | D:3      | Found an opulent altar of Gozag.
  3233 | D:3      | Found a glowing silver altar of Zin.
  3547 | D:4      | Noticed a black bear
  3564 | D:4      | Killed a black bear
  3565 | D:4      | Reached skill level 5 in Long Blades
  3565 | D:4      | Reached XP level 5. HP: 43/50 MP: 4/4
  3656 | D:4      | Reached skill level 6 in Fighting
  3740 | D:4      | Found a basalt altar of Yredelemnul.
  3767 | D:4      | Reached XP level 6. HP: 54/57 MP: 5/5
  3981 | D:4      | Found a staircase to the Ecumenical Temple.
  3992 | Temple   | Entered the Ecumenical Temple
  4096 | Temple   | Became a worshipper of Warmaster Okawaru
  4210 | D:4      | Noticed an ice beast
  4238 | D:4      | Noticed an ice beast
  4276 | D:4      | Killed an ice beast
  4281 | D:4      | Killed an ice beast
  4282 | D:4      | Reached skill level 7 in Fighting
  4282 | D:4      | Reached XP level 7. HP: 39/66 MP: 6/6
  4285 | D:4      | Engulfed by a cloud of flame

Illustrated notes

Levels and vault maps discovered:
D:1:      grunt_arrival_crossed_arrows, layout_basic,
          chequers_ecumenical_altar_grove, serial_co_window_serial,
          co_window_corner_a, co_window_corner_a, co_window_paths_a,
          co_window_corner_a, co_window_paths_a, co_window_corner_a,
          co_window_corner_b, co_window_corner_b, co_window_broadway_b,
          co_window_cross_2, co_window_paths_c, co_window_broadway_c,
          co_window_2corner, glass_columns_b, glass_columns_a, glass_columns_b,
          glass_columns_a, minmay_pentomino_w4
D:2:      layout_basic
D:3:      layout_basic, mainiacjoe_overflow_six_doors_small,
          nicolae_uskayaw_en_pointe, grunt_temple_overflow_gold_and_silver,
          minmay_misc_feat_secret_circle
D:4:      layout_cave_pools, mainiacjoe_overflow_alcove_4,
          minmay_temple_entry_glassed_door, serial_undead, serial_undead_e,
          serial_undead_a, serial_undead_f, serial_undead_b, serial_undead_b,
          serial_undead_c, serial_undead_d, serial_undead_e,
          hangedman_minor_gate_pass
Temple:   minmay_temple_curvy_loop

Skill      XL: |  1  2  3  4  5  6 |
---------------+-------------------+-----
Fighting       | 4 5 6 7 |  7.2
Long Blades    | 3 5 6 |  6.6
Armour         | |  3.8
Shields        | |  3.8

Action                   |  1- 3 |  4- 6 |  7- 9 || total
-------------------------+-------+-------+-------++-------
Melee: Long sword        |   116 |   130 |     3 ||   249
       Headbutt          |     8 |    25 |       ||    33
  Use: Scroll            |       |       |     1 ||     1
Armor: Scale mail        |    94 |    24 |       ||   118
       Plate armour      |       |   137 |     1 ||   138
Dodge: Dodged            |    74 |    80 |       ||   154
Block: Buckler           |    54 |    56 |     1 ||   111
